 Dungeon Crawl Stone Soup version 0.20.1-1-g8b1a95d (webtiles) character file.

169 Lanoc the Ogre Mage (level 5, -5/40 HPs)
             Began as an Ogre Ice Elementalist on Nov 29, 2017.
             Slain by a phantom (9 damage)
             ... on level 4 of the Dungeon.
             The game lasted 00:13:36 (2526 turns).

Lanoc the Ogre Mage (Ogre Ice Elementalist)         Turns: 2526, Time: 00:13:37

Health: -5/40      AC:  3    Str: 11 (12) XL:     5   Next: 50%
Magic:  11/11      EV: 10    Int: 16 (17) God:
Gold:   155        SH:  0    Dex:  7 (9)  Spells: 9/12 levels left

rFire    + . .     SeeInvis .   s - +2 falchion (slice)
rCold    . . .     Gourm    .   (no shield)
rNeg     . . .     Faith    .   a - +0 robe
rPois    .         Spirit   .   (helmet restricted)
rElec    .         Reflect  .   (no cloak)
rCorr    .         Harm     .   (gloves unavailable)
MR       .....                  (boots unavailable)
Stlth    +.........             (no amulet)
Regen    0.2/turn               (no ring)
MPRegen  0.2/turn               (no ring)

@: flying
A: unfitting armour, fire resistance 1, frail 1, tough skin 1
a: no special abilities


You were on level 4 of the Dungeon.
You were hungry.

You visited 1 branch of the dungeon, and saw 4 of its levels.

You collected 155 gold pieces.

Inventory:

Hand Weapons
 s - a +2 falchion of slicing (weapon)
Armour
 a - a +0 robe (worn)
Jewellery
 d - an uncursed amulet of guardian spirit {unknown}
Scrolls
 e - 3 scrolls of identify {unknown}
 f - a scroll of recharging {unknown}
 h - 2 scrolls of remove curse {unknown}
 k - 2 scrolls of teleportation {unknown}
 p - a scroll of blinking {unknown}
 q - a scroll of immolation {unknown}
 r - a scroll of enchant weapon {unknown}
 t - 2 scrolls of fear {unknown}
Books
 b - a book of Frost

   Spells                             Type                      Level
   a - Freeze                         Ice                          1
   b - Throw Frost                    Conjuration/Ice              2
   c - Ozocubu's Armour               Charms/Ice                   3
   d - Throw Icicle                   Conjuration/Ice              4
   e - Summon Ice Beast               Ice/Summoning                4
Comestibles
 c - 4 bread rations
 l - 2 meat rations
 u - a royal jelly


   Skills:
 + Level 2.4 Dodging
 - Level 1.4 Stealth
 + Level 4.3 Spellcasting
 + Level 1.2 Conjurations
 * Level 3.9 Ice Magic


You had 9 spell levels left.
You knew the following spells:

 Your Spells              Type           Power        Failure   Level  Hunger
a - Freeze                Ice            ###.         3%          1    None
b - Throw Frost           Conj/Ice       ##....       9%          2    ##.....


Dungeon Overview and Level Annotations

Branches:
Dungeon (4/15)
 Temple: D:4-7

Altars:
Ashenzari
Gozag
Trog

Shops:
D:4 *


Innate Abilities, Weirdness & Mutations

You are too large for most types of armour.
You have tough skin. (AC +1)
Your flesh is heat resistant. (rF+)
You are frail. (-10% HP)


Message History

The phantom is heavily damaged.
The phantom hits you!
* * * LOW HITPOINT WARNING * * *
You closely miss the phantom.
The phantom is heavily damaged.
The phantom blinks!
The phantom blinks!
The phantom blinks!
The phantom blinks!
The phantom hits you.
* * * LOW HITPOINT WARNING * * *
The phantom blinks!
You closely miss the phantom.
The phantom is heavily damaged.
The phantom blinks!
The phantom blinks!
You see here a dented citrine amulet.
d - a dented citrine amulet The phantom hits you!
You die...

#.#
#....≈≈≈≈≈≈≈#>....
#.#
##########......##
#.# #.#####.. #.#
#.#......
#.##########
#.#.....#
#.#........#
#.......#
#..........#
###.....#
#...)..W...#
+.....#
#.......@..#
##....##
#.......W..#
#.......
#..........#
#.......
#..........#
#...###.
##.........#
#.##..###.
#.........#
#......##.
#.........#
######'###
#..........
#.....#
############
#.#.#.#


You could see 2 phantoms.

Vanquished Creatures
  A centaur skeleton (D:4)
  A worker ant (D:4)
  A worker ant zombie (D:4)
  2 adders
  2 oozes (D:1)
  An adder skeleton (D:4)
  3 leopard geckos
  4 orcs (D:4)
  A ball python (D:1)
  2 giant cockroaches
  6 goblins
  5 hobgoblins
  9 jackals
  A quokka (D:3)
  12 bats
  2 frilled lizards
  7 kobolds
  7 rats
67 creatures vanquished.

Notes
Turn   | Place    | Note
-------+----------+-------------------------------------------
     0 | D:1      | Lanoc the Ogre Ice Elementalist began the quest for the Orb.
     0 | D:1      | Reached XP level 1. HP: 16/16 MP: 3/3
   141 | D:1      | Reached XP level 2. HP: 15/24 MP: 2/5
   195 | D:1      | Reached skill level 3 in Spellcasting
   356 | D:1      | Learned a level 2 spell: Throw Frost
   588 | D:1      | Reached XP level 3. HP: 25/31 MP: 0/7
  1175 | D:2      | You fall through a shaft!
  1224 | D:3      | Reached XP level 4. HP: 24/39 MP: 0/9
  1421 | D:3      | Reached skill level 4 in Spellcasting
  1695 | D:3      | Found a bloodstained altar of Trog.
  1754 | D:4      | Found an opulent altar of Gozag.
  1803 | D:4      | Found Gozag's Platinum Reserve.
  1944 | D:4      | Reached skill level 1 in Conjurations
  1974 | D:4      | Found a shattered altar of Ashenzari.
  2075 | D:4      | Reached XP level 5. HP: 42/45 MP: 8/11
  2149 | D:4      | HP: 2/45 [poisoned by a worker ant]
  2157 | D:4      | HP: 2/45 [poisoned by a worker ant]
  2434 | D:4      | Noticed a phantom
  2440 | D:4      | Noticed a phantom
  2476 | D:4      | Gained mutation: You tend to lose your temper in combat. [potion of mutation]
  2476 | D:4      | Gained mutation: You evolve. [potion of mutation]
  2476 | D:4      | Gained mutation: Your flesh is heat resistant. (rF+) [potion of mutation]
  2495 | D:4      | HP: 2/45 [phantom (7)]
  2501 | D:4      | Lost mutation: Your flesh is heat resistant. (rF+) [potion of mutation]
  2501 | D:4      | Lost mutation: You tend to lose your temper in combat. [potion of mutation]
  2501 | D:4      | Lost mutation: You evolve. [potion of mutation]
  2501 | D:4      | Gained mutation: You are frail. (-10% HP) [potion of mutation]
  2501 | D:4      | Gained mutation: Your flesh is heat resistant. (rF+) [potion of mutation]
  2526 | D:4      | Slain by a phantom

Skill      XL: |  1  2  3  4 |
---------------+-------------+-----
Ice Magic      | 3 |  3.9
Spellcasting   | 3 4 |  4.3
Dodging        | 2 |  2.4
Conjurations   | 1 |  1.2
Stealth        | |  1.4

Action                   |  1- 3 |  4- 6 || total
-------------------------+-------+-------++-------
Melee: Unarmed           |    43 |    50 ||    93
       Falchion          |       |    44 ||    44
 Cast: Freeze            |    43 |    44 ||    87
       Throw Frost       |    10 |    10 ||    20
  Use: Potion            |       |     9 ||     9
  Eat: Chunk             |     1 |     4 ||     5
Armor: Robe              |    29 |    42 ||    71
Dodge: Dodged            |    42 |    68 ||   110
       Rpst.: Falchion   |       |     6 ||     6
